 Dungeon Crawl Stone Soup version 0.31-a0-986-g5e6e4ef867 (webtiles) character file.

Game seed: 9088019859519755626

23834 jlumianski the Grappler (level 13, -4/89 HPs)
             Began as a Gnoll Shapeshifter on Nov 17, 2023.
             Was a High Priest of Hepliaklqana.
             Killed from afar by a steam dragon (16 damage)
             ... with a ball of steam
             ... on level 2 of the Lair of Beasts on Nov 18, 2023.
             The game lasted 01:17:50 (12103 turns).

jlumianski the Grappler (Gnoll Shapeshifter)       Turns: 12103, Time: 01:17:50

Health: -4/89      AC:  6    Str: 16    XL:     13   Next: 9%
Magic:  16/25      EV: 14    Int: 21    God:    Hepliaklqana [*****.]
Gold:   810        SH:  0    Dex: 10    Spells: 13/28 levels left

rFire   . . .        m - +1 dagger (venom)
rCold   + . .        (no shield)
rNeg    . . .        U - +2 leather armour of Penlat {rC+ Regen+ Int+3}
rPois   +            (helmet currently unavailable)
rElec   +            (cloak currently unavailable)
rCorr   .            (gloves currently unavailable)
SInv    .            (boots currently unavailable)
Will    .....        C - amulet of the acrobat
Stlth   +++          y - ring of poison resistance
HPRegen 1.14/turn    Q - +6 ring of intelligence
MPRegen 0.19/turn

%: acrobat
@: beast-form
A: beast (slay +4), reduced essence, fangs 1, strong nose, distributed training,
clumsy 1, electricity resistance
a: Begin Untransformation, Renounce Religion, Recall Ancestor, Ancestor
Identity, Transference, Idealise


You were on level 2 of the Lair of Beasts.
You worshipped Hepliaklqana.
Hepliaklqana was extremely pleased with you.
You were a hulking beast.
You visited 3 branches of the dungeon, and saw 16 of its levels.
You also visited: Bailey.

You collected 1578 gold pieces.
You spent 768 gold pieces at shops.

Inventory:

Hand Weapons
 a - a +0 broad axe
 i - a +4 short sword
 m - a +1 dagger of venom (weapon)
 r - a +1 long sword of electrocution
 z - a +2 dagger of holy wrath
 G - a +0 trident of protection
Missiles
 o - 38 poisoned darts (quivered)
 w - 6 javelins
 R - a curare-tipped dart
 T - 23 boomerangs
Armour
 U - the +2 leather armour of Penlat (worn) {rC+ Regen+ Int+3}
   (You found it on level 7 of the Dungeon)

   Int+3:     It affects your intelligence (+3).
   rC+:       It protects you from cold.
   Regen+:    It increases your rate of health regeneration.
Jewellery
 l - a ring of protection from fire
 y - a ring of poison resistance (left hand)
 C - an amulet of the acrobat (around neck)
 D - a ring of ice
 Q - a +6 ring of intelligence (right hand)
 V - a ring of resist corrosion
Talismans
 c - a beast talisman
 d - a flux talisman
Wands
 h - a wand of iceblast (7)
 u - a wand of paralysis (6)
 P - a wand of flame (41)
Scrolls
 g - 3 scrolls of brand weapon {unknown}
 j - 2 scrolls of poison
 k - a scroll of fear
 s - a scroll of silence
 x - a scroll of enchant weapon
 A - a scroll of immolation
 F - a scroll of vulnerability {unknown}
 I - a scroll of fog
 N - 5 scrolls of teleportation
Potions
 b - 5 potions of lignification
 e - a potion of ambrosia
 f - a potion of curing
 n - a potion of heal wounds
 p - 4 potions of might
 q - a potion of brilliance {unknown}
 t - a potion of mutation
 v - a potion of attraction
 H - a potion of enlightenment


   Skills:
 + Level 8.5 Fighting
 + Level 8.1 Short Blades
 + Level 8.1 Long Blades
 + Level 8.1 Axes
 + Level 8.1 Maces & Flails
 + Level 8.1 Polearms
 + Level 8.1 Staves
 + Level 8.1 Ranged Weapons
 + Level 8.1 Throwing
 + Level 8.1 Armour
 + Level 9.4 Dodging
 + Level 8.1 Stealth
 + Level 8.1 Shields
 + Level 10.4 Unarmed Combat
 + Level 8.1 Spellcasting
 + Level 6.7 Conjurations
 + Level 6.7 Hexes
 + Level 6.7 Summonings
 + Level 6.7 Necromancy
 + Level 6.7 Translocations
 + Level 6.7 Transmutations
 + Level 6.7 Fire Magic
 + Level 6.7 Ice Magic
 + Level 6.7 Air Magic
 + Level 6.7 Earth Magic
 + Level 6.7 Poison Magic
 + Level 8.9 Invocations
 + Level 8.1 Evocations
 + Level 9.9 Shapeshifting


You had 13 spell levels left.
You knew the following spells:

 Your Spells              Type           Power      Damage    Failure   Level
a - Ensorcelled Hibernat  Hex/Ice        72%        N/A       1%          2
b - Passwall              Tmut/Erth      30%        N/A       1%          2
c - Sticky Flame          Conj/Fire      36%        2d6       6%          4
d - Summon Guardian Gole  Hex/Summ       36%        N/A       1%          3
e - Flame Wave            Conj/Fire      36%        2d10      6%          4

Your spell library contained the following spells:

 Spells                   Type           Power      Damage    Failure   Level
 Shock                    Conj/Air       100%       1d9       1%          1
 Inner Flame              Hex/Fire       36%        N/A       1%          3
 Swiftness                Air            36%        N/A       1%          3
 Airstrike                Air            18%        2d(3-19)  6%          4
 Orb of Destruction       Conj           18%        9d8       99%         7
 Spellforged Servitor     Conj/Summ      18%        N/A       99%         7


Dungeon Overview and Level Annotations

Branches:
Dungeon (12/15)            Temple (1/1) D:6            Lair (3/5) D:8
  Swamp (0/4) Lair:2       Bailey (visited)
  Snake: Lair:2-3    Spider: Lair:2-3       Orc: D:9-12

Altars:
Ashenzari
Cheibriados
Dithmenos
Elyvilon
Fedhas
Gozag
Hepliaklqana
Kikubaaqudgha
Makhleb
Nemelex Xobeh
Okawaru
Qazlal
Ru
Sif Muna
Trog
Uskayaw
Vehumet
Wu Jian
Xom
Yredelemnul
Zin
The Shining One

Shops:
D:3 [   D:4 [   D:10 [


Innate Abilities, Weirdness & Mutations

You are a hulking beast.
Your limbs bulge with bestial killing power. (Slay +4)
Your life essence is reduced to manifest your ancestor. (-10% HP)
You have very sharp teeth.
Your uncanny sense of smell can sniff out nearby items.
Your experience applies equally to all skills.
You are clumsy. (Dex -2)
You are resistant to electric shocks. (rElec)


Message History

* * * LOW HITPOINT WARNING * * *
You are encased in ice.
The steam dragon bites you but does no damage.
The steam dragon completely misses you. The bullfrog misses you.
A wave of flame ripples out!
The flame wave engulfs the rime drake!
The rime drake is moderately wounded.
The flame wave engulfs the bullfrog!!
You kill the bullfrog!
The flame wave engulfs the steam dragon!
The steam dragon is moderately wounded.
You hear an angry hiss.
The rime drake bites you but does no damage.
The steam dragon bites you but does no damage.
The steam dragon completely misses you. The rime drake barely misses you.
A wave of flame ripples out!
The flame wave engulfs the rime drake!!
The rime drake is almost dead.
The flame wave engulfs the steam dragon!
The steam dragon is severely wounded.
You finish channelling waves of flame.
The steam dragon bites you!
* * * LOW HITPOINT WARNING * * *
The steam dragon completely misses you. The rime drake completely misses you.
Casting: Flame Wave (dangerous; 6% risk of failure)
Confirm with . or Enter, or press ? or * to list all spells.
Casting: Flame Wave (dangerous; 6% risk of failure)
Press: ? - help, Dir - look around, f - activate A wave of flame ripples out!
The flame wave engulfs the rime drake!!
You kill the rime drake!
The flame wave engulfs the steam dragon!
The steam dragon is almost dead. (Press . to intensify the flame waves.)
The ice encasing you melts away.
You hear an angry hiss.
The steam dragon closely misses you.
The steam dragon claws you but does no damage.
You barely miss the steam dragon.
You bite the steam dragon, but do no damage.
The steam dragon is almost dead.
The steam dragon breathes steam at you. The ball of steam hits you!
You die...

####### ####P ########
.##..#..##.##P.##.#.##.#
........................
........................
...#....†...... ....###.
.....#.h....# #....#.#
.....#†.D#..######......
.........##.........#...
.....#...#......##..##..
.........##......+..##..
.#P.##...#......#...##.#
.........###....##......
..........P....##........
.........................


You could see a steam dragon (catching breath).

Vanquished Creatures
  2 vault guards (Bailey)
  A hydra (D:11)
  2 centaur warriors (D:11)
  A death yak (Lair:2)
  2 two-headed ogres
  A black mamba (Lair:1)
  A gargoyle (D:11)
  3 rime drakes
  3 komodo dragons
  A tengu conjurer (D:11)
  A hornet (D:10)
  Grinder (D:5)
  Eustachio (Temple)
  A vampire (D:11)
  12 yaks
  3 wyverns
  A steam dragon (D:9)
  2 humans (Bailey)
  7 water moccasins
  3 orc warriors
  5 black bears
  An ogre (D:4)
  4 wolves (Lair:2)
  9 centaurs
  2 lemures
  2 phantoms (D:6)
  3 kobold brigands
  18 bullfrogs
  3 scorpions
  5 wights (D:9)
  7 killer bees
  3 howler monkeys
  A hound (D:6)
  2 jellies
  3 orc priests
  2 gnoll boudas
  Jessica (D:2)
  4 iguanas
  6 orc wizards
  8 gnolls
  5 adders
  2 white imps
  A worm (D:3)
  3 dart slugs
  26 orcs
  7 endoplasms
  2 giant cockroaches
  11 goblins
  11 hobgoblins
  6 jackals
  19 kobolds
  5 quokkas
  8 ball pythons
  4 bats
  A frilled lizard (D:2)
  5 rats
254 creatures vanquished.

Vanquished Creatures (collateral kills)
  An eleionoma (Lair:2)
  A catoblepas (Lair:3)
  2 centaur warriors (D:11)
  A death yak (D:8)
  Pikel (D:6)
  An ugly thing (D:11)
  Joseph (D:7)
  2 cane toads
  3 rime drakes (Lair:3)
  A polar bear (Lair:2)
  Prince Ribbit (Bailey)
  A human (Bailey)
  3 yaks
  2 steam dragons (Lair:3)
  2 water moccasins
  An orc warrior (D:10)
  A black bear (D:5)
  2 wolves (Lair:2)
  A centaur (D:11)
  A lemure (Temple)
  3 bullfrogs
  4 wights
  A killer bee (D:9)
  A howler monkey (D:7)
  An orc priest (D:5)
  3 orc wizards
  3 gnolls (D:9)
  3 orcs
  2 hobgoblins (Bailey)
  A goblin (Bailey)
51 creatures vanquished.

Vanquished Creatures (others)
  An arcanist (D:9)
  A water moccasin (Lair:3)
  An orc warrior (D:10)
  6 hexers
9 creatures vanquished.

Grand Total: 314 creatures vanquished

Notes
Turn   | Place    | Note
-------+----------+-------------------------------------------
     0 | D:1      | jlumianski the Gnoll Shapeshifter began the quest for the
                  | Orb.
     0 | D:1      | Reached XP level 1. HP: 17/17 MP: 1/1
    83 | D:1      | Reached XP level 2. HP: 18/23 MP: 2/2
   458 | D:1      | Reached XP level 3. HP: 28/28 MP: 3/3
   833 | D:3      | Found Qopnod's Armour Emporium.
   950 | D:3      | Identified the +1 leather armour "Wagev" {rC+}
   954 | D:3      | Reached skill level 1 in Invocations
  1091 | D:2      | Noticed Jessica
  1095 | D:2      | Killed Jessica
  1096 | D:2      | Reached skill level 1 in Short Blades
  1096 | D:2      | Reached skill level 1 in Long Blades
  1096 | D:2      | Reached skill level 1 in Axes
  1096 | D:2      | Reached skill level 1 in Maces & Flails
  1096 | D:2      | Reached skill level 1 in Polearms
  1096 | D:2      | Reached skill level 1 in Staves
  1096 | D:2      | Reached skill level 1 in Ranged Weapons
  1096 | D:2      | Reached skill level 1 in Throwing
  1096 | D:2      | Reached skill level 1 in Armour
  1096 | D:2      | Reached skill level 1 in Stealth
  1096 | D:2      | Reached skill level 1 in Shields
  1096 | D:2      | Reached skill level 1 in Spellcasting
  1096 | D:2      | Reached skill level 1 in Evocations
  1096 | D:2      | Reached XP level 4. HP: 34/34 MP: 5/5
  1150 | D:3      | Found a stormy altar of Qazlal.
  1291 | D:2      | Reached skill level 1 in Conjurations
  1291 | D:2      | Reached skill level 1 in Hexes
  1291 | D:2      | Reached skill level 1 in Summonings
  1291 | D:2      | Reached skill level 1 in Necromancy
  1291 | D:2      | Reached skill level 1 in Translocations
  1291 | D:2      | Reached skill level 1 in Transmutations
  1291 | D:2      | Reached skill level 1 in Fire Magic
  1291 | D:2      | Reached skill level 1 in Ice Magic
  1291 | D:2      | Reached skill level 1 in Air Magic
  1291 | D:2      | Reached skill level 1 in Earth Magic
  1291 | D:2      | Reached skill level 1 in Poison Magic
  1343 | D:2      | Found a hazy altar of Hepliaklqana.
  1354 | D:2      | Became a worshipper of Hepliaklqana the Forgotten
  1669 | D:4      | Gained mutation: You are clumsy. (Dex -2) [potion of
                  | mutation]
  1669 | D:4      | Gained mutation: You are resistant to electric shocks.
                  | (rElec) [potion of mutation]
  1828 | D:3      | Reached XP level 5. HP: 40/40 MP: 6/6
  2119 | D:3      | Found a faded altar of an unknown god.
  2222 | D:5      | Entered Level 5 of the Dungeon
  2292 | D:4      | Identified a scroll of acquirement
  2294 | D:4      | Acquired 759 gold pieces
  2360 | D:3      | Bought the +5 ring mail of the Slightly Bent {rPois MP+9}
                  | for 768 gold pieces
  2594 | D:3      | Reached XP level 6. HP: 23/47 MP: 8/8
  2758 | D:4      | Reached skill level 5 in Dodging
  2857 | D:4      | Found Suerror's Antique Armour Boutique.
  2858 | D:4      | Reached * piety under Hepliaklqana
  3138 | D:5      | Reached XP level 7. HP: 46/46 MP: 10/10
  3312 | D:4      | Reached skill level 7 in Unarmed Combat
  3594 | D:6      | Noticed Grinder
  3608 | D:5      | Killed Grinder
  3726 | D:6      | Identified the +4 ring mail of Gravity {Rampage rN+}
  3937 | D:5      | Reached ** piety under Hepliaklqana
  3938 | D:5      | Remembered your ancestor Kenrick as a hexer
  4104 | D:5      | Reached XP level 8. HP: 37/54 MP: 12/12
  4252 | D:6      | Found an iron altar of Okawaru.
  4576 | D:6      | Found a staircase to the Ecumenical Temple.
  4879 | D:6      | Noticed Eustachio
  4912 | Temple   | Entered the Ecumenical Temple
  4925 | Temple   | Killed Eustachio
  4979 | D:6      | Noticed Pikel
  5086 | D:6      | Killed Pikel
  5087 | D:6      | Reached XP level 9. HP: 51/60 MP: 13/15
  5090 | D:6      | Learned a level 2 spell: Ensorcelled Hibernation
  5093 | D:6      | Learned a level 2 spell: Passwall
  5186 | D:6      | Found a glowing golden altar of the Shining One.
  5187 | D:6      | Found a hide-covered altar of Uskayaw.
  5433 | D:6      | Reached skill level 5 in Fighting
  5634 | D:7      | Identified the +2 leather armour of Penlat {rC+ Regen+
                  | Int+3}
  5942 | D:7      | Reached skill level 8 in Unarmed Combat
  6064 | D:7      | Reached skill level 5 in Invocations
  6091 | D:7      | Reached *** piety under Hepliaklqana
  6324 | D:9      | Found a flagged portal.
  6371 | D:9      | Identified the +2 ring mail of Mabunuwn {-Cast rPois Dex+5
                  | Stlth+}
  6387 | Bailey   | Entered a bailey
  6402 | Bailey   | Reached XP level 10. HP: 65/67 MP: 17/17
  6428 | Bailey   | Reached skill level 5 in Short Blades
  6428 | Bailey   | Reached skill level 5 in Long Blades
  6428 | Bailey   | Reached skill level 5 in Axes
  6428 | Bailey   | Reached skill level 5 in Maces & Flails
  6428 | Bailey   | Reached skill level 5 in Polearms
  6428 | Bailey   | Reached skill level 5 in Staves
  6428 | Bailey   | Reached skill level 5 in Ranged Weapons
  6428 | Bailey   | Reached skill level 5 in Throwing
  6428 | Bailey   | Reached skill level 5 in Armour
  6428 | Bailey   | Reached skill level 5 in Stealth
  6428 | Bailey   | Reached skill level 5 in Shields
  6428 | Bailey   | Reached skill level 5 in Spellcasting
  6428 | Bailey   | Reached skill level 5 in Evocations
  6569 | Bailey   | Noticed Prince Ribbit
  6581 | Bailey   | Killed Prince Ribbit
  6598 | Bailey   | Noticed a vault guard
  6632 | Bailey   | Learned a level 4 spell: Sticky Flame
  6674 | Bailey   | Killed a vault guard
  6790 | Bailey   | Noticed a vault guard
  6807 | Bailey   | Killed a vault guard
  7312 | D:8      | Noticed Joseph
  7390 | D:7      | Killed Joseph
  7443 | D:8      | Noticed a two-headed ogre
  7452 | D:8      | Killed a two-headed ogre
  7453 | D:8      | Reached skill level 9 in Unarmed Combat
  7453 | D:8      | Reached skill level 5 in Conjurations
  7453 | D:8      | Reached skill level 5 in Hexes
  7453 | D:8      | Reached skill level 5 in Summonings
  7453 | D:8      | Reached skill level 5 in Necromancy
  7453 | D:8      | Reached skill level 5 in Translocations
  7453 | D:8      | Reached skill level 5 in Transmutations
  7453 | D:8      | Reached skill level 5 in Fire Magic
  7453 | D:8      | Reached skill level 5 in Ice Magic
  7453 | D:8      | Reached skill level 5 in Air Magic
  7453 | D:8      | Reached skill level 5 in Earth Magic
  7453 | D:8      | Reached skill level 5 in Poison Magic
  7453 | D:8      | Reached XP level 11. HP: 74/74 MP: 7/20
  7683 | D:8      | Found a staircase to the Lair.
  8012 | Lair:1   | Entered Level 1 of the Lair of Beasts
  8316 | D:9      | Learned a level 3 spell: Summon Guardian Golem
  8328 | D:9      | Found a bloodstained altar of Trog.
  8329 | D:9      | Noticed an arcanist
  8335 | D:9      | Killed an arcanist
  8435 | D:10     | Entered Level 10 of the Dungeon
  8708 | D:10     | Reached **** piety under Hepliaklqana
  8968 | D:10     | Noticed a two-headed ogre
  9128 | D:9      | Killed a two-headed ogre
  9651 | D:10     | Found Sochie's Antique Armour Shoppe.
 10047 | D:11     | Reached ***** piety under Hepliaklqana
 10176 | D:11     | Noticed a centaur warrior
 10196 | D:11     | Killed a centaur warrior
 10304 | D:11     | Reached XP level 12. HP: 45/81 MP: 22/22
 10489 | D:11     | Noticed a centaur warrior
 10509 | D:11     | Killed a centaur warrior
 10565 | D:11     | Learned a level 4 spell: Flame Wave
 10699 | D:11     | Noticed a centaur warrior
 10712 | D:11     | Killed a centaur warrior
 10765 | D:11     | Noticed a five-headed hydra
 10776 | D:11     | HP: 4/123 [five-headed hydra (9)]
 10778 | D:11     | Killed a five-headed hydra
 10835 | D:11     | Noticed a centaur warrior
 10850 | D:11     | Killed a centaur warrior
 10982 | Lair:1   | Reached skill level 10 in Unarmed Combat
 11370 | Lair:1   | Noticed a death yak
 11428 | D:8      | Killed a death yak
 11580 | Lair:2   | Noticed an eleionoma
 11600 | Lair:2   | Killed an eleionoma
 11722 | Lair:2   | Found a staircase to the Swamp.
 11810 | Lair:1   | Noticed a death yak
 11810 | Lair:1   | Noticed a death yak
 11812 | Lair:1   | Noticed a death yak
 11827 | Lair:2   | Killed a death yak
 11990 | Lair:3   | Noticed a catoblepas
 12003 | Lair:3   | Killed a catoblepas
 12048 | Lair:3   | Reached XP level 13. HP: 89/89 MP: 23/25
 12103 | Lair:2   | Killed from afar by a steam dragon

Illustrated notes

Levels and vault maps discovered:
D:1:      evilmike_arrival_rings, layout_basic, chequers_serial_rivers_micro_e,
          st_stairs_4
D:2:      layout_rooms, basic_altar, uniq_jessica
D:3:      layout_loops_ring, general_overflow_altar, serial_shops,
          nicolae_shop_scrapyard, chequers_ecumenical_altar_twisty,
          kennysheep_boxes
D:4:      layout_basic, serial_shops, shop
D:5:      layout_loops_corners
D:6:      layout_gridville, gammafunk_temple_overflow_pools,
          mainiacjoe_overflow_alcove_1, minmay_temple_entry_large_hall,
          minmay_crossroads, uniq_pikel, uniq_eustachio, uniq_grinder
D:7:      layout_basic
D:8:      layout_basic, due_lair_maze_entry_diamond, uniq_joseph
D:9:      layout_roguey, trog_wizard, enter_bailey_2
D:10:     layout_basic, kennysheep_windowed_goal
D:11:     minmay_box_of_curves, layout_irregular_city, nicolae_the_louvre
D:12:     layout_roguey, david_orc_5, grunt_decor_one_mirror
Temple:   minmay_crystal_spiral_temple
Lair:1:   layout_regular_city
Lair:2:   layout_regular_city, alex1729_swamp_entry_worm_eleionoma
Lair:3:   nzn_winding_woodlands_cross [nzn_winding_woodlands_5x15_eye,
          nzn_winding_woodlands_5x15_pathside_ponds,
          nzn_winding_woodlands_5x15_crooked, nzn_winding_woodlands_5x15_cabin,
          nzn_winding_woodlands_15x15_boxy_spiral], layout_gridlike,
          minmay_snake_entry_six_corridors, bobbens_dragon_lair_wall,
          infiniplex_staircase_pool_2

Skill      XL: |  1  2  3  4  5  6  7  8  9 10 11 12 |
---------------+-------------------------------------+-----
Invocations    | 1 2 3 4 5 6 7 8 |  8.9
Short Blades   | 1 2 4 6 7 8 |  8.1
Long Blades    | 1 2 4 6 7 8 |  8.1
Axes           | 1 2 4 6 7 8 |  8.1
Maces & Flails | 1 2 4 6 7 8 |  8.1
Polearms       | 1 2 4 6 7 8 |  8.1
Staves         | 1 2 4 6 7 8 |  8.1
Ranged Weapons | 1 2 4 6 7 8 |  8.1
Throwing       | 1 2 4 6 7 8 |  8.1
Armour         | 1 2 4 6 7 8 |  8.1
Stealth        | 1 2 4 6 7 8 |  8.1
Shields        | 1 2 4 6 7 8 |  8.1
Spellcasting   | 1 2 4 6 7 8 |  8.1
Evocations     | 1 2 4 6 7 8 |  8.1
Conjurations   | 1 2 3 4 5 6 |  6.7
Hexes          | 1 2 3 4 5 6 |  6.7
Summonings     | 1 2 3 4 5 6 |  6.7
Necromancy     | 1 2 3 4 5 6 |  6.7
Translocations | 1 2 3 4 5 6 |  6.7
Transmutations | 1 2 3 4 5 6 |  6.7
Fire Magic     | 1 2 3 4 5 6 |  6.7
Ice Magic      | 1 2 3 4 5 6 |  6.7
Air Magic      | 1 2 3 4 5 6 |  6.7
Earth Magic    | 1 2 3 4 5 6 |  6.7
Poison Magic   | 1 2 3 4 5 6 |  6.7
Fighting       | 3 4 5 6 7 8 |  8.5
Dodging        | 5 6 7 8 9 |  9.4
Unarmed Combat | 7 8 9 10 | 10.4
Shapeshifting  | 7 8 9 |  9.9

Action                     |  1- 3 |  4- 6 |  7- 9 | 10-12 | 13-15 || total
---------------------------+-------+-------+-------+-------+-------++-------
  Melee: Unarmed           |    60 |   108 |   227 |    49 |       ||   444
         Bite              |     5 |     5 |    16 |    98 |     1 ||   125
         Punch             |       |     2 |    15 |    39 |       ||    56
         Dagger            |       |       |       |   483 |     2 ||   485
         Rapier            |       |       |       |     5 |       ||     5
  Throw: Dart              |       |     6 |     6 |     9 |       ||    21
         Boomerang         |       |       |       |     3 |       ||     3
   Cast: Ensorcelled Hiber |       |       |     3 |    40 |     1 ||    44
         Summon Guardian G |       |       |       |     7 |     1 ||     8
         Sticky Flame      |       |       |       |     3 |       ||     3
         Flame Wave        |       |       |       |     2 |     2 ||     4
 Invoke: Ancestor Life: He |       |       |     1 |       |       ||     1
         Recall Ancestor   |       |       |     4 |     8 |       ||    12
  Evoke: Wand              |       |       |       |     4 |       ||     4
    Use: Potion            |       |     3 |     4 |     9 |       ||    16
         Scroll            |       |     5 |     4 |     8 |       ||    17
   Stab: Sleeping          |       |       |     1 |    18 |     1 ||    20
         Distracted        |       |       |     2 |     6 |       ||     8
         Confused          |       |       |     2 |    11 |       ||    13
         Paralysed         |       |       |       |     3 |       ||     3
 Armour: Animal skin       |    11 |       |       |       |       ||    11
         Ring mail         |     6 |    41 |   105 |       |       ||   152
         Leather armour    |     1 |    22 |    28 |   321 |    19 ||   391
         Skin              |       |       |       |     4 |       ||     4
  Dodge: Dodged            |    28 |    67 |   145 |   379 |    29 ||   648

Table legend: (Time is in decaauts)
 A = Elapsed time spent in this place.
 B = Non-inter-level travel time spent in this place.
 C = Inter-level travel time spent in this place.
 D = Time resting spent in this place.
 E = Time spent auto-exploring this place.
 F = Levels seen in this place.
 G = Mean time per level.
                   A        B        C        D        E       F      G
               +--------+--------+--------+--------+--------+-----+--------+
         Total |  11912 |  11416 |    496 |    720 |   5648 |  17 |  700.7 |
       Dungeon |  10283 |   9789 |    494 |    477 |   5254 |  12 |  856.9 |
        Temple |    108 |    108 |      0 |     82 |      0 |   1 |  108.0 |
          Lair |   1043 |   1041 |      2 |     63 |    394 |   3 |  347.7 |
        Bailey |    476 |    476 |      0 |     98 |      0 |   1 |  476.0 |
               +--------+--------+--------+--------+--------+-----+--------+

Top non-repeatable levels by time:
     D:8: 1281 daAuts
     D:5: 1121 daAuts
    D:10: 1114 daAuts
     D:3: 1037 daAuts
     D:9: 984 daAuts
     D:4: 952 daAuts
     D:6: 886 daAuts
     D:7: 862 daAuts
     D:1: 748 daAuts
    D:11: 746 daAuts
     D:2: 540 daAuts
  Bailey: 476 daAuts
  Lair:2: 475 daAuts
  Lair:1: 452 daAuts
  Lair:3: 116 daAuts
